 Dungeon Crawl Stone Soup version 0.30-a0-986-g7f2e898f52 (webtiles) character file.

Game seed: 11837729695573054486

109 sasquatch the Chopper (level 4, -5/39 HPs)
             Began as a Hill Orc Monk on Apr 1, 2023.
             Slain by an orc priest
             ... wielding a +0 morningstar
              (7 damage)
             ... on level 3 of the Dungeon.
             The game lasted 00:03:10 (2227 turns).

sasquatch the Chopper (Hill Orc Monk)               Turns: 2227, Time: 00:03:11

Health: -5/39      AC:  5    Str: 15    XL:     4   Next: 90%
Magic:  4/4        EV: 11    Int: 16    God:
Gold:   242        SH:  0    Dex: 13    Spells: 3/3 levels left

rFire   . . .      SeeInvis .    a - +0 hand axe
rCold   . . .      Faith    .    (no shield)
rNeg    . . .      Spirit   .    e - +0 ring mail
rPois   .          Reflect  .    (no helmet)
rElec   .          Rampage  .    (no cloak)
rCorr   .                        (no gloves)
Will    .....                    (no boots)
Stlth   +                        (no amulet)
HPRegen 0.26/turn                q - +6 ring of intelligence
MPRegen 0.09/turn                (no ring)

@: no status effects
A: no striking features
a: Convert to Beogh


You were on level 3 of the Dungeon.
You visited 1 branch of the dungeon, and saw 3 of its levels.

You collected 242 gold pieces.

Inventory:

Hand Weapons
 a - a +0 hand axe (weapon)
Missiles
 h - 4 poisoned darts (quivered)
Armour
 d - a +0 chain mail
 e - a +0 ring mail (worn)
Jewellery
 q - a +6 ring of intelligence (left hand)
Scrolls
 f - a scroll of magic mapping {unknown}
 k - 2 scrolls of identify {unknown}
 m - a scroll of silence {unknown}
 n - 2 scrolls of immolation {unknown}
 o - a scroll of vulnerability {unknown}
 p - a scroll of amnesia {unknown}
 s - a scroll of teleportation {unknown}
 t - a scroll of enchant armour {unknown}
Potions
 b - a potion of attraction {unknown}
 c - a potion of ambrosia
 g - a potion of curing {unknown}
 i - a potion of degeneration {unknown}
 j - 2 potions of lignification {unknown}
 l - a potion of invisibility {unknown}
 r - a potion of brilliance {unknown}
 u - a potion of heal wounds {unknown}
 v - a potion of might {unknown}


   Skills:
 - Level 3.6 Fighting
 + Level 7.2 Axes
 - Level 2.4 Dodging
 - Level 1.5 Stealth


You had 3 spell levels left.
You didn't know any spells.
Your spell library contained the following spells:

 Spells                   Type           Power      Damage    Failure   Level
 Ozocubu's Armour         Ice            0%         N/A       83%         3
 Ozocubu's Refrigeration  Ice            0%         4d7       100%        7


Dungeon Overview and Level Annotations

Branches:
Dungeon (3/15)

Altars:
Elyvilon


Message History

You closely miss the orc priest. You barely miss the orc.
The orc priest looks braver for a moment.
The orc barely misses you.
You hit the orc priest but do no damage.
You hit the orc.
The orc priest shouts, "Surrender to Beogh and we'll let you live!"
The orc priest closely misses you. The orc hits you but does no damage.
You slash the orc priest!
The orc priest shouts, "Beogh is our master!
Accept the truth or die!"
The orc priest is heavily wounded.
You closely miss the orc.
The orc priest hits you but does no damage.
The orc hits you with a +0 trident.
You barely miss the orc priest.
The orc priest is heavily wounded.
You hit the orc.
You hear the quick rusting of a distant drain.
The orc priest hits you with a +0 morningstar.
The orc hits you with a +0 trident.
You hit the orc priest but do no damage.
The orc priest is heavily wounded.
You hit the orc.
You kill the orc!
The orc priest invokes the aid of Beogh against you.
Beogh smites you!
* * * LOW HITPOINT WARNING * * *
You closely miss the orc priest.
The orc priest is heavily wounded.
The orc priest hits you but does no damage.
Unknown command.
You hit the orc priest but do no damage.
The orc priest is heavily wounded.
The orc priest hits you with a +0 morningstar.
* * * LOW HITPOINT WARNING * * *
Unknown command.
You hit the orc priest but do no damage.
The orc priest is heavily wounded.
The orc priest shouts, "Join the one true god or die!"
The orc priest hits you with a +0 morningstar!
You die...

#......+..........'o......#.####.
#...####..........#.##.#.##.# #.
..... ....########.##.#.##.# #.
...#######.###### #.##.#.##.# #.
#.. ...........# #.##.#.##.# #.
##. #.........# #.##.#.##.# #. #
#.........###.##.#..... #.
#........).o..#####
##........@.........
#...........####### #...........#
#...........# ##....#.....#
####.#.....# ...##..... ....
......# ..... ......#


You could see an orc priest.

Vanquished Creatures
  4 adders (D:2)
  3 worms
  A dart slug (D:2)
  2 orcs
  11 bats
  4 endoplasms (D:1)
  2 giant cockroaches
  5 hobgoblins
  6 jackals
  2 quokkas (D:1)
  5 ball pythons
  4 frilled lizards
  4 goblins
  5 kobolds
  A rat (D:1)
59 creatures vanquished.

Notes
Turn   | Place    | Note
-------+----------+-------------------------------------------
     0 | D:1      | sasquatch the Hill Orc Monk began the quest for the Orb.
     0 | D:1      | Reached XP level 1. HP: 19/19 MP: 1/1
   114 | D:1      | Reached XP level 2. HP: 23/26 MP: 2/2
   308 | D:1      | Reached skill level 5 in Axes
   662 | D:1      | Reached XP level 3. HP: 31/31 MP: 3/3
  1068 | D:2      | Reached skill level 6 in Axes
  1273 | D:2      | Reached XP level 4. HP: 35/39 MP: 4/4
  1815 | D:3      | Reached skill level 7 in Axes
  1953 | D:3      | Found a white marble altar of Elyvilon.
  2227 | D:3      | Slain by an orc priest

Illustrated notes

Levels and vault maps discovered:
D:1:      lightli_arrival_boilingwater, layout_basic, kennysheep_boxes
D:2:      layout_loops_cross, minmay_cut_off
D:3:      layout_basic, mainiacjoe_overflow_chevrons,
          cheibrodos_sewer_entry_bend, due_unseen_surprise

Skill      XL: |  1  2  3  4 |
---------------+-------------+-----
Axes           | 5 6 7 |  7.2
Fighting       | |  3.6
Dodging        | |  2.4
Stealth        | |  1.5

Action                     |  1- 3 |  4- 6 || total
---------------------------+-------+-------++-------
  Melee: Hand axe          |   135 |   113 ||   248
         Punch             |     2 |       ||     2
  Throw: Dart              |       |     1 ||     1
   Stab: Sleeping          |     3 |       ||     3
         Distracted        |       |     1 ||     1
 Armour: Robe              |     3 |       ||     3
         Ring mail         |    41 |    50 ||    91
  Dodge: Dodged            |   107 |    80 ||   187

Table legend: (Time is in decaauts)
 A = Elapsed time spent in this place.
 B = Non-inter-level travel time spent in this place.
 C = Inter-level travel time spent in this place.
 D = Time resting spent in this place.
 E = Time spent auto-exploring this place.
 F = Levels seen in this place.
 G = Mean time per level.
                   A        B        C        D        E       F      G
               +--------+--------+--------+--------+--------+-----+--------+
         Total |   2251 |   2158 |     93 |     63 |   1510 |   3 |  750.3 |
       Dungeon |   2251 |   2158 |     93 |     63 |   1510 |   3 |  750.3 |
               +--------+--------+--------+--------+--------+-----+--------+

Top non-repeatable levels by time:
     D:1: 1014 daAuts
     D:2: 896 daAuts
     D:3: 340 daAuts
